 Dungeon Crawl Stone Soup version 0.15.0-13-gb296d5c (console) character file.

220 gw the Skirmisher (level 5, -10/47 HPs)
             Began as a Hill Orc Abyssal Knight on Sept 3, 2014.
             Was a Priest of Lugonu.
             Mangled by an orc warrior
             ... wielding a +0 short sword
              (14 damage)
             ... on Level 3 of the Dungeon.
             The game lasted 00:01:56 (3802 turns).

gw the Skirmisher (Hill Orc Abyssal Knight)         Turns: 3802, Time: 00:01:56

HP -10/47        AC  9     Str 15      XL: 5   Next: 97%
MP   3/9         EV  8     Int 12      God: Lugonu [***...]
Gold 0           SH  0     Dex 11      Spells:  0 memorised,  4 levels left

rFire  . . .     SeeInvis .     a - +2 hand axe
rCold  . . .     Clarity  .     b - +1 scale mail {rPois}
rNeg   . . .     rCorr    .     (no shield)
rPois  +         rRot     .     (no helmet)
rElec  .         Spirit   .     m - +0 cloak
SustAb .         Warding  .     (no gloves)
rMut   .         Stasis   .     (no boots)
Gourm  .                        (no amulet)
MR     .....                    (no ring)
                                (no ring)

@: not resistant to hostile enchantments, extremely unstealthy
A: no striking features
a: Depart the Abyss, Bend Space, Banish, Renounce Religion


You were on level 3 of the Dungeon.
You worshipped Lugonu.
Lugonu was most pleased with you.
You were near starving.

You visited 1 branch of the dungeon, and saw 3 of its levels.
You visited the Abyss 1 time.

Inventory:

Hand weapons
 a - a +2 hand axe (weapon)
Missiles
 g - 78 stones (quivered)
Armour
 b - a +1 scale mail of poison resistance (worn)
 m - a +0 cloak (worn)
Comestibles
 c - 3 meat rations
 d - a slice of pizza
 f - a bread ration
Scrolls
 i - 2 scrolls of fog
 j - 3 scrolls of identify
 l - a scroll of enchant armour


   Skills:
 + Level 4.8 Fighting
 - Level 2.6 Axes
 + Level 2.5 Throwing
 + Level 3.7 Armour
 - Level 0.7 Dodging
 + Level 4.5 Invocations


You had 4 spell levels left.
You didn't know any spells.

Dungeon Overview and Level Annotations

Branches:
Dungeon (3/15)

Altars:

Annotations:
D:3 gw's ghost, weakling MfGl


Message History

The worker ant is severely wounded.
The worker ant barely misses you.
ATTACKING (-1,0)
You hit the worker ant.
The worker ant is almost dead.
The worker ant completely misses you. The worker ant barely misses you.
Gw's ghost (weakling Merfolk Gladiator) comes into view.
ATTACKING (-1,0)
You hit the worker ant.
The worker ant is almost dead.
The worker ant barely misses you.
ATTACKING (-1,0)
You hit the worker ant.
You kill the worker ant!
Lugonu accepts your kill.
ATTACKING (-1,0)
You hit the orc warrior.
The orc warrior is lightly wounded.
The orc warrior hits you with a short sword!
You die...

#.#### ..# ..# #.#
#.# #.# #.######
.......############
#.#.........W.ooo.#
#.#.##.#####.######
#.#.##.# #.#
#.#.##.# #.#
..#.##.# #.#
###.##.# #.# ...#.#
#%# #..#.# #.# .
#.#


You could see an orc warrior, gw's ghost and an orc.

Table legend:
 A = Turns spent in this place as a percentage of turns spent in the entire game.
 B = Non-inter-level travel turns spent in this place as a percentage of non-inter-level travel turns spent in the entire game.
 C = Inter-level travel turns spent in this place as a percentage of turns spent in this place.
 D = Turns resting spent in this place as a percentage of non-inter-level travel turns spent in this place.
 E = Turns spent auto-exploring this place as a percentage of non-inter-level travel turns spent in this place.
 F = Non-inter-level travel turns spent in this place divided by the number of levels of this place that you've seen.
                   A       B       C       D       E      F
               +-------+-------+-------+-------+-------+----------------------
         Total | 100.0 | 100.0 |   0.2 |   6.2 |  15.1 | 252.8
       Dungeon |  99.3 |  99.3 |   0.2 |   6.3 |  15.1 | 334.7
         Abyss |   0.7 |   0.7 |   0.0 |   0.0 |  14.3 |   7.0
               +-------+-------+-------+-------+-------+----------------------

Table legend:
 A = Kills in this place as a percentage of kills in entire the game.
 B = Kills by you in this place as a percentage of kills by you in the entire game.
 C = Kills by friends in this place as a percentage of kills by friends in the entire game.
 D = Other kills in this place as a percentage of other kills in the entire game.
 E = Experience gained in this place as a percentage of experience gained in the entire game.
 F = Experience gained in this place divided by the number of levels of this place that you have seen.
                   A       B       C       D       E      F
               +-------+-------+-------+-------+-------+----------------------
         Total | 100.0 | 100.0 |  -nan | 100.0 | 100.0 |  78.8
       Dungeon | 100.0 | 100.0 |  -nan | 100.0 | 100.0 | 105.0
               +-------+-------+-------+-------+-------+----------------------

Vanquished Creatures
  2 worker ants (D:3)
  An ogre zombie (D:3)
  2 adders (D:2)
  6 worms
  An adder zombie (D:3)
  A giant gecko (D:3)
  6 orcs (D:3)
  3 ball pythons (D:3)
  3 bats
  7 goblins
  10 hobgoblins
  3 jackals (D:2)
  9 kobolds
  2 quokkas
  5 giant newts
  8 rats
  A rat zombie (D:3)
70 creatures vanquished.

Vanquished Creatures (others)
  An orc priest (D:3)
  An orc (D:3)
  A rat (D:3)
3 creatures vanquished.

Grand Total: 73 creatures vanquished

Notes
Turn   | Place    | Note
--------------------------------------------------------------
     0 | Abyss:1  | gw, the Hill Orc Abyssal Knight, began the quest for the Orb.
     0 | Abyss:1  | Reached XP level 1. HP: 19/19 MP: 1/1
     8 | D:1      | Escaped the Abyss
   323 | D:1      | Reached skill level 1 in Throwing
   420 | D:1      | Reached XP level 2. HP: 27/27 MP: 2/2
   422 | D:1      | Acquired Lugonu's second power
  1447 | D:2      | Reached XP level 3. HP: 33/33 MP: 3/5
  1906 | D:2      | Reached skill level 4 in Fighting
  2074 | D:2      | Reached XP level 4. HP: 31/40 MP: 7/7
  2217 | D:2      | Acquired Lugonu's third power
  3042 | D:3      | Reached XP level 5. HP: 38/47 MP: 9/9
  3710 | D:3      | Noticed an orc warrior
  3757 | D:3      | HP: 1/47 [orc warrior/ stone (7)]
  3800 | D:3      | Noticed gw's ghost (weakling MfGl)
  3802 | D:3      | Mangled by an orc warrior

Action                   |  1- 3 |  4- 6 || total
-------------------------+-------+-------++-------
Melee: Hand axe          |    95 |   133 ||   228
Throw: Stone             |    88 |   170 ||   258
Invok: Banish            |       |     5 ||     5
  Use: Scroll            |     8 |     1 ||     9
       Potion            |     2 |     3 ||     5
  Eat: Chunk             |     3 |     6 ||     9

Vault maps used:
D:1:      dpeg_arrival_tiny_a, minmay_ruptured
D:3:      zin_angel, gammafunk_temple_overflow_pools, serial_undead,
          serial_undead_c, serial_undead_d, serial_undead_c, serial_undead_f,
          first_bread, uniq_crazy_yiuf_cottage
